Selects Heavy Armor Battlegroup
Selects Heavy Armor Battlegroup
Construct Section Command Post
Construct Platoon Command Post
Unlock M3 Stuart Light Tanks
Selects Rigorous Vehicle Training
Construct Field Infirmary
Selects Light Vehicle Withdraw and Refit
Construct Company Command Post
Selects Forward Repair Assembly
Light Vehicle Withdraw and Refit
Light Vehicle Withdraw and Refit
Selects Churchill Black Prince Heavy Tank
Churchill Black Prince Heavy Tank
Churchill Black Prince Heavy Tank